 Dungeon Crawl Stone Soup version 0.24-a0-809-g71cb82dfb8 (webtiles) character file.

Game seed: 4040969861105988145, levelgen mode: deterministic

270 Dycilia the Shield-Bearer (level 6, -2/61 HPs)
             Began as a Troll Fighter on Oct 11, 2019.
             Slain by a black bear (7 damage)
             ... on level 4 of the Dungeon.
             The game lasted 00:09:22 (2722 turns).

Dycilia the Shield-Bearer (Troll Fighter)           Turns: 2722, Time: 00:09:23

Health: -2/61      AC:  6    Str: 30    XL:     6   Next: 1%
Magic:  5/5        EV:  9    Int:  4    God:
Gold:   161        SH: 10    Dex: 11    Spells: 5/5 levels left

rFire    . . .     SeeInvis .   a - +0 flail
rCold    . . .     Gourm    +   c - +0 shield
rNeg     . . .     Faith    .   b - +0 robe
rPois    .         Spirit   .   (helmet restricted)
rElec    .         Reflect  .   o - scarf {cloud immunity}
rCorr    .         Harm     .   (gloves unavailable)
MR       .....                  (boots unavailable)
Stlth    +.........             (no amulet)
HPRegen  0.60/turn              (no ring)
MPRegen  0.09/turn              (no ring)

@: mighty
A: large, unfitting armour, claws 3, fast metabolism 3, gourmand, regeneration
1, shaggy fur 1, tough skin 3
a: no special abilities


You were on level 4 of the Dungeon.
You were very full.

You visited 1 branch of the dungeon, and saw 4 of its levels.

You collected 161 gold pieces.

Inventory:

Hand Weapons
 a - a +0 flail (weapon)
Armour
 b - a +0 robe (worn)
 c - a +0 shield (worn)
 o - a scarf of cloud immunity (worn)
Scrolls
 e - a scroll of amnesia {unknown}
 g - a scroll of enchant weapon {unknown}
 h - 5 scrolls of identify
 l - 2 scrolls of teleportation {unknown}
 m - 3 scrolls of magic mapping {unknown}
 p - a scroll of fog {unknown}
 s - a scroll of remove curse {unknown}
Potions
 i - a potion of haste {unknown}
 j - a potion of magic {unknown}
 k - 2 potions of curing {unknown}
 n - a potion of lignification {unknown}
 q - a potion of flight {unknown}
Comestibles
 f - 4 rations


   Skills:
 + Level 3.4 Fighting
 + Level 3.2 Maces & Flails
 + Level 3.4 Dodging
 + Level 3.5 Shields


You had 5 spell levels left.
You didn't know any spells.
Your spell library was empty.

Dungeon Overview and Level Annotations

Branches:
Dungeon (4/15)
 Temple: D:4-7

Altars:

Annotations:
D:3 Terence


Innate Abilities, Weirdness & Mutations

You are too large for most types of armour.
You have claws for hands.
Your metabolism is lightning-fast.
You like to eat raw meat.
Your natural rate of healing is unusually fast.
You are covered in fur. (AC +1)
You have extremely tough skin. (AC +3)


Message History

The black bear bites you! The black bear claws you. x2
Found a stone staircase leading down.
Okay, then.
You feel very mighty all of a sudden. You block the black bear's attack.
The black bear claws you but does no damage. x2
You barely miss the black bear.
The black bear is severely wounded.
You block the black bear's attack. The black bear barely misses you.
The black bear claws you but does no damage.
The black bear bites you!
* * * LOW HITPOINT WARNING * * *
The black bear barely misses you.
The black bear claws you but does no damage.
You sock the black bear!
The black bear is almost dead.
The black bear bites you!
* * * LOW HITPOINT WARNING * * *
The black bear claws you!
You die...

#..........#.#
#.####.....#.#
#.###........#
#......#..#..#
###.....(#..#..#
#.....#..#..#..#
####.....#..####..#
#.....#..#..# #h.#
#.....#..#### #@.#
#..#..#..# #..#
#..#..#### ...#
#..#..# ....#
...#### .....# #..#
...##.# #..# .###
.. #..# .. >. #...


You could see a black bear (berserk).

Vanquished Creatures
  An orc priest (D:3)
  Jessica (D:2)
  An iguana (D:4)
  A hound skeleton (D:2)
  4 gnolls
  4 adders
  An ooze (D:2)
  2 worms
  A dart slug (D:4)
  3 leopard geckos
  7 orcs
  3 giant cockroaches
  9 goblins
  8 hobgoblins
  10 jackals
  A ball python (D:2)
  8 bats
  8 frilled lizards
  A jackal skeleton (D:2)
  5 kobolds
  4 rats
83 creatures vanquished.

Notes
Turn   | Place    | Note
-------+----------+-------------------------------------------
     0 | D:1      | Dycilia the Troll Fighter began the quest for the Orb.
     0 | D:1      | Reached XP level 1. HP: 22/22 MP: 0/0
   161 | D:1      | Reached XP level 2. HP: 29/29 MP: 1/1
   415 | D:1      | Reached XP level 3. HP: 36/36 MP: 2/2
   753 | D:2      | You fall into a shaft and drop 1 floor!
   914 | D:2      | Reached XP level 4. HP: 44/44 MP: 3/3
   996 | D:2      | Noticed Jessica
  1003 | D:2      | Killed Jessica
  1293 | D:2      | Reached XP level 5. HP: 53/53 MP: 4/4
  2188 | D:3      | Noticed Terence
  2682 | D:4      | Noticed a black bear
  2686 | D:4      | Reached XP level 6. HP: 47/61 MP: 5/5
  2722 | D:4      | Slain by a black bear

Levels and vault maps discovered:
D:1:      saegor_arrival_miasma, layout_basic
D:2:      layout_basic, minmay_goblin_kobold_house, uniq_jessica
D:3:      layout_basic, nicolae_overflow_hidden_temple,
          hangedman_decor_clover_reticule, uniq_terence
D:4:      layout_basic, old_standard_altar, hangedman_abyss_or_decor_stagger,
          minmay_close_crescents

Skill      XL: |  1  2  3  4  5 |
---------------+----------------+-----
Maces & Flails | 2 3 |  3.2
Shields        | 3 |  3.5
Fighting       | 3 |  3.4
Dodging        | 3 |  3.4

Action                   |  1- 3 |  4- 6 || total
-------------------------+-------+-------++-------
Melee: Flail             |   152 |   156 ||   308
  Use: Scroll            |       |     1 ||     1
       Potion            |       |     1 ||     1
 Stab: Sleeping          |     2 |       ||     2
  Eat: Chunk             |    15 |    15 ||    30
Armor: Robe              |   102 |    71 ||   173
Dodge: Dodged            |    68 |    51 ||   119
Block: Shield            |    94 |    88 ||   182

Table legend:
 A = Non-vault XP
 B = Vault XP
 C = Vault XP percentage of total XP
 D = Non-vault monster count
 E = Vault monster count
 F = Vault count percentage of total count
                 A         B        C        D         E       F
            +---------+---------+-------+---------+---------+-------
      Total |     327 |      60 |  15.5 |      76 |       7 |   8.4
            +---------+---------+-------+---------+---------+-------
        D:1 |      55 |       0 |   0.0 |      26 |       0 |   0.0
        D:2 |      95 |      47 |  33.1 |      21 |       6 |  22.2
        D:3 |      90 |       0 |   0.0 |      23 |       0 |   0.0
        D:4 |      87 |      13 |  13.0 |       6 |       1 |  14.3
            +---------+---------+-------+---------+---------+-------
